 Dungeon Crawl Stone Soup version 0.22-b1-26-g9dbaab1 (webtiles) character file.

82 Lilu the Sneak (level 4, 0/21 HPs)
             Began as a Spriggan Enchanter on Aug 8, 2018.
             Killed from afar by Sigmund (10 damage)
             ... with a magic dart
             ... on level 2 of the Dungeon.
             The game lasted 00:12:11 (3412 turns).

Lilu the Sneak (Spriggan Enchanter)                 Turns: 3412, Time: 00:12:12

Health: 0/21       AC:  2    Str:  5    XL:     4   Next: 21%
Magic:  0/9        EV: 18    Int: 19    God:
Gold:   118        SH:  0    Dex: 16    Spells: 5/8 levels left

rFire    . . .     SeeInvis +   a - +1 dagger
rCold    . . .     Gourm    .   (shield restricted)
rNeg     . . .     Faith    .   b - +0 robe
rPois    .         Spirit   .   (helmet restricted)
rElec    .         Reflect  .   (no cloak)
rCorr    .         Harm     .   (gloves unavailable)
MR       .....                  (boots unavailable)
Stlth    ++++......             (no amulet)
HPRegen  0.07/turn              r - +3 ring of intelligence
MPRegen  0.11/turn              (no ring)

@: very slightly contaminated, very quick
A: very small, unfitting armour, see invisible, herbivore, speed 3, slow
metabolism 2
a: no special abilities


You were on level 2 of the Dungeon.
You were not hungry.

You visited 1 branch of the dungeon, and saw 2 of its levels.

You collected 118 gold pieces.

Inventory:

Hand Weapons
 a - a +1 dagger (weapon)
Missiles
 f - 58 arrows
 j - 15 poisoned needles
 q - 44 stones (quivered)
 t - 17 sling bullets
 u - 8 needles of sleeping
Armour
 b - a +0 robe (worn)
 m - a +0 cloak
Jewellery
 r - a +3 ring of intelligence (left hand)
Scrolls
 e - a scroll of immolation {unknown}
 g - 3 scrolls of remove curse
 h - a scroll of fog {unknown}
 i - a scroll of magic mapping {unknown}
 l - a scroll of noise {unknown}
 n - a scroll of identify {unknown}
Potions
 c - a potion of heal wounds {unknown}
 k - a potion of curing {unknown}
 o - a potion of ambrosia {unknown}
 p - a potion of flight {unknown}
 s - a potion of brilliance {unknown}
Comestibles
 d - 5 rations


   Skills:
 - Level 1.1 Short Blades
 - Level 3.0 Dodging
 - Level 6.8 Stealth
 - Level 2.6 Spellcasting
 + Level 4.7 Hexes


You had 5 spell levels left.
You knew the following spells:

 Your Spells              Type           Power        Failure   Level  Hunger
a - Corona                Hex            ###....      2%          1    None
b - Ensorcelled Hibernat  Hex/Ice        ##....       9%          2    ##.....

Your spell library contained the following spells:

 Spells                   Type           Power        Failure   Level  Hunger
 Confuse                  Hex            ###.....     7%          3    ###....
 Tukima's Dance           Hex            ###.....     7%          3    ###....
 Dazzling Spray           Conj/Hex       ##....       19%         3    ###....


Dungeon Overview and Level Annotations

Branches:
Dungeon (2/15)

Altars:
Xom

Annotations:
D:2 Sigmund


Innate Abilities, Weirdness & Mutations

You are very small and have problems with some larger weapons.
You are too small for most types of armour.
You have supernaturally acute eyesight. (SInv)
You are a herbivore.
You cover ground extremely quickly.
You need to consume almost no food.


Message History

You're too confused to cast spells.
You're too confused to move!
Sigmund laughs darkly.
Sigmund mumbles some strange words.
Sigmund flickers and vanishes for a moment.
Unknown command.
You're too confused to cast spells.
You bump into the rock wall.
Sigmund closely misses you. Sigmund misses you.
You're too confused to move!
You feel less confused.
Casting: Ensorcelled Hibernation (safe; 9% risk of failure)
Confirm with . or Enter, or press ? or * to list all spells.
Aiming: Ensorcelled Hibernation (safe; 9% risk of failure)
Press: ? - help, Shift-Dir - straight line, f/p - Sigmund
Aim: Sigmund, wielding a scythe and wearing an embroidered robe (slightly transparent, chance to defeat MR: 50%) Sigmund resists with almost no effort.
Sigmund points at you and mumbles some strange words.
The magic dart hits you!
You die...

.#.######....................##.#
.#.# ##<..................)..#
##.# #.###.#.#####.......###.
##.### #.#.........<.......###.
#....# #........@###.........#.
#....# ###.......# #......##...
#....# #.......# ##########..
#....# #.......# ##. #....#
#....@..# ## #....# #.......#
#....# #.......# #....# #########
#....# ######


You could see Sigmund (invisible).

Vanquished Creatures
  An iguana (D:2)
  An adder (D:2)
  4 worms (D:2)
  4 bats
  2 giant cockroaches (D:2)
  5 goblins
  8 hobgoblins
  4 jackals (D:1)
  3 kobolds
  A frilled lizard (D:1)
  A rat (D:2)
34 creatures vanquished.

Notes
Turn   | Place    | Note
-------+----------+-------------------------------------------
     0 | D:1      | Lilu the Spriggan Enchanter began the quest for the Orb.
     0 | D:1      | Reached XP level 1. HP: 9/9 MP: 5/5
   410 | D:1      | Reached skill level 5 in Stealth
   505 | D:1      | Reached XP level 2. HP: 4/13 MP: 4/6
  1887 | D:1      | Learned a level 2 spell: Ensorcelled Hibernation
  2156 | D:2      | Reached XP level 3. HP: 16/16 MP: 2/8
  2219 | D:2      | Noticed Sigmund
  2627 | D:2      | Reached skill level 6 in Stealth
  2926 | D:2      | Reached XP level 4. HP: 21/21 MP: 9/9
  3049 | D:2      | Found a shimmering altar of Xom.
  3412 | D:2      | Killed from afar by Sigmund

Skill      XL: |  1  2  3 |
---------------+----------+-----
Stealth        | 5 6 |  6.8
Hexes          | 4 |  4.7
Short Blades   | |  1.1
Dodging        | |  3.0
Spellcasting   | |  2.6

Action                   |  1- 3 |  4- 6 || total
-------------------------+-------+-------++-------
Melee: Dagger            |   135 |    25 ||   160
 Cast: Corona            |    24 |     1 ||    25
       Ensorcelled Hiber |     8 |     6 ||    14
  Use: Scroll            |     1 |       ||     1
 Stab: Sleeping          |     8 |     4 ||    12
  Eat: Ration            |     1 |       ||     1
Armor: Robe              |    11 |     2 ||    13
Dodge: Dodged            |   139 |    18 ||   157
